[Event "SixDays Budapest March GM-B 2023"]
[Site "Budapest"]
[Date "2023.03.28"]
[Round "8.5"]
[White "Moksh Amit Doshi"]
[Black "Varga, Csaba Zoltan"]
[Result "1-0"]
[ECO "D21"]
[WhiteElo "2388"]
[BlackElo "2278"]
[Annotator "TA"]
[PlyCount "47"]
[EventDate "2023.03.24"]
[EventType "tourn"]
[EventCountry "HUN"]
[SourceTitle "playchess.com"]
[Source "ChessBase"]
[SourceQuality "1"]
[TimeControl "5400+30"]

1. d4 d5 2. c4 dxc4 3. Nf3 c5 4. d5 e6 5. e4 exd5 6. exd5 Bd6 {[%emt 0:00:29] D21: Queen's Gambit Accepted: 3 Nf3 sidelines.} 7. Bxc4 Bg4 8. O-O {[%emt 0:04:02] [#]} Nd7 $146 {[%emt 0:00:52] White is slightly better.} ({Predecessor:} 8... Ne7 9. Re1 O-O 10. Bg5 f6 {½-½ Petrisor,A-Stangaciu,O ROM-ch sf U10 2002 (9)}) 9. Nc3 Ne5 (9... Ne7 $14 {deserves consideration.}) 10. Bb5+ Kf8 11. Be2 $36 {[%emt 0:00:54][%mdl 2048] Nxe5 would be deadly. Black is under strong pressure.} Bxf3 12. Bxf3 (12. gxf3 Qh4 13. f4 Ng6 $17) 12... h5 {[%emt 0:01:39] [#]} 13. Re1 (13. Bxh5 $2 Qh4 14. h3 Qxh5 $19) (13. Ne4 $1 $16) 13... Nf6 (13... Qf6 $11 {keeps the balance.}) 14. h3 c4 15. Bg5 Nd3 16. Re2 Be5 (16... Bc7 $142) 17. Qa4 $16 Qb6 18. Rd1 {[%emt 0:06:58][%cal Od1d3] Rxd3! is the strong threat.} (18. Qxc4 Nxb2 19. Qb3 Qxb3 20. axb3 Bxc3 $15) 18... Re8 19. Rdd2 (19. Qxc4 Nxb2 20. Rxb2 Qxb2 $14) 19... Ng4 $2 {[%emt 0:06:27] Loses the game.} (19... Qa6 $16 {is more resistant.}) 20. Bxg4 $18 {[%emt 0:08:45] White is clearly winning.} (20. hxg4 hxg4 21. Rxd3 (21. Bxg4 Bh2+ 22. Kh1 Nxf2+ {[%mdl 64] Deflection, Back Rank} 23. Rxf2 Re1+) 21... cxd3 $16) 20... hxg4 21. Qxc4 Nc1 (21... Nxf2 $142 22. Be3 {[%mdl 64] Skewer, Double Attack} (22. Rxf2 g3 $17 {[%mdl 64] Pin}) 22... Nxh3+ 23. gxh3 Qf6 24. Qxg4 (24. hxg4 $2 {loses.} Qf3 $19) 24... Rh4) 22. Re3 {[%emt 0:05:08] Strongly threatening d6.} Qg6 23. Qxg4 {[%emt 0:01:50][%cal Od5d6] Black must now prevent d6!} f5 {[%emt 0:02:29] [#]} 24. Be7+ $1 {[%emt 0:01:26][%mdl 576] Discovered Attack. Artfully played by Moksh Amit Doshi.   Weighted Error Value: White=0.59/Black=0.69} 1-0

[Event "SixDays Budapest March GM-B 2023"]
[Site "Budapest"]
[Date "2023.03.29"]
[Round "9.1"]
[White "Varga, Csaba Zoltan"]
[Black "Vantika Agrawal"]
[Result "0-1"]
[ECO "B20"]
[WhiteElo "2278"]
[BlackElo "2367"]
[Annotator "TA"]
[PlyCount "17"]
[EventDate "2023.03.24"]
[EventType "tourn"]
[EventCountry "HUN"]
[SourceTitle "playchess.com"]
[Source "ChessBase"]
[SourceQuality "1"]
[TimeControl "5400+30"]

1. e4 c5 2. b4 cxb4 3. a3 e6 {[%emt 0:04:44] [#]} 4. Ne2 $146 ({Predecessor:} 4. axb4 Bxb4 5. Bb2 Nf6 6. e5 Nd5 7. c4 Ne7 8. Na3 O-O 9. Nc2 Ba5 10. Qh5 Nbc6 11. Nf3 Ng6 {1-0 Dobrov,V (2478)-Kamsky,G (2658) Titled Tuesday intern op 22 Mar Late blitz 2022 (8)}) 4... Nf6 5. e5 Nd5 $1 6. d4 {[%emt 0:00:03] B20: Sicilian: Unusual White 2nd moves.} d6 7. Nd2 (7. exd6 $17 Bxd6 8. axb4) 7... dxe5 $19 8. axb4 Bxb4 9. Bb2 {[%emt 0:00:16] White did not feel at home in the position after the opening.   Weighted Error Value: White=0.68/Black=0.00 (flawless)} 0-1

[Event "SixDays Budapest March GM-B 2023"]
[Site "Budapest"]
[Date "2023.03.29"]
[Round "9.2"]
[White "Pribelszky, Bence"]
[Black "Moksh Amit Doshi"]
[Result "1-0"]
[ECO "A01"]
[WhiteElo "2380"]
[BlackElo "2388"]
[Annotator "TA"]
[PlyCount "103"]
[EventDate "2023.03.24"]
[EventType "tourn"]
[EventCountry "HUN"]
[SourceTitle "playchess.com"]
[Source "ChessBase"]
[SourceQuality "1"]
[TimeControl "5400+30"]

1. b3 e5 2. Bb2 Nc6 3. e3 Nf6 4. Bb5 e4 5. d3 a6 6. Bxc6 {[%emt 0:01:09] A01: Nimzowitsch-Larsen Opening.} dxc6 7. Ne2 Bf5 8. Ng3 {[%emt 0:04:40] The position is equal.} Bg6 9. dxe4 Qxd1+ 10. Kxd1 O-O-O+ (10... Bxe4 11. Bxf6 Bxg2 12. Bc3 Bxh1 13. Nxh1 $16) 11. Nd2 {[%emt 0:04:25] [#]} Nxe4 $146 (11... Bxe4 $2 12. Bxf6 gxf6 13. Ngxe4 $18) ({Predecessor:} 11... Ng4 12. Rf1 Nxh2 13. Re1 h5 14. Ke2 h4 15. Ngf1 Nxf1 16. Rxf1 h3 17. g4 Bb4 {0-1 Olisov,A (2187)-Sharafiev,A (2414) RUS-ch U26 Uljanovsk 2012 (6)}) 12. Ngxe4 Bxe4 13. f3 $1 Bg6 {[%emt 0:01:10] Hoping for ...Bb4.} 14. a3 {[%emt 0:07:01] Dodges Bb4} Bc5 15. Bxg7 (15. Re1 $142) 15... Rhg8 (15... Bxe3 $17 16. Bxh8 Rxd2+ 17. Ke1 Rxc2) 16. Bh6 {[%emt 0:00:40] [#]} (16. Bd4 $1 $11 {keeps the balance.} Bxd4 17. exd4) 16... f5 (16... Be4 $1 $17 17. Kc1 (17. fxe4 $2 Rxg2 18. Kc1 Rdxd2 $19) 17... Rxd2 18. Kxd2 Rxg2+ 19. Kc1 Bxf3) 17. g3 Bd6 (17... Rd5 $5 18. c4 Rd7 $11) 18. Ke2 f4 {[%emt 0:02:16] White now steadily converts the win.} 19. Bxf4 $16 ({Don't do} 19. gxf4 $6 Bxc2 20. Bg5 Rde8 $14) 19... Bxf4 20. gxf4 {[%emt 0:00:07] Threatens to win with e4.} Bxc2 {[%emt 0:00:06] [#] ( -> ...Rg2+)} 21. Rhg1 {[%emt 0:00:57] Prevents Rg2+} Bd3+ 22. Kf2 Rge8 (22... Rg6 {keeps fighting.} 23. Rxg6 hxg6) 23. e4 $18 a5 24. f5 Rd6 25. Ke3 Bc2 26. Rg2 Red8 27. Rc1 Rd3+ (27... Bd3 {was worth a try.} 28. Rc3 Bb5) 28. Kf4 Bxb3 29. Nxb3 Rxb3 {[%emt 0:00:09][%mdl 4096] Endgame KRR-KRR} 30. f6 Rdd3 31. Kf5 Rxf3+ 32. Ke6 b5 33. Rg8+ Kb7 34. f7 {[%emt 0:00:03][%cal Og8g3] Rg3! would be deadly.} Rbe3 35. e5 (35. f8=R $2 {gets mated.} Rxe4+ 36. Kd7 Rd3#) 35... Rxf7 36. Kxf7 Rxe5 37. Rg2 c5 38. Kf6 Rh5 (38... Rd5 39. Rg7 h6) 39. Rg5 Rxh2 40. Rgxc5 c6 41. Kg7 (41. Rxc6 $2 {loses.} Rh6+ 42. Ke5 Rxc6 $19) 41... Rg2+ 42. Kxh7 Rh2+ 43. Kg6 Rg2+ 44. Kf7 Rf2+ 45. Ke6 Re2+ 46. Kf5 {[%emt 0:00:53][%cal Oc5c2] R5c2! would kill now.} Rf2+ 47. Ke5 Re2+ 48. Kd4 Re6 49. Re5 {[%emt 0:00:27] White mates.} Rh6 50. Kc5 a4 51. Re7+ Ka6 52. Rc7 {[%emt 0:00:05] Weighted Error Value: White=0.30/Black=0.47} (52. Rc3 $142 Rh4 53. Re6 Kb7 54. Re7+ Ka6 55. Kxc6 b4 56. Rce3 bxa3 57. R3e6) 1-0

[Event "SixDays Budapest March GM-B 2023"]
[Site "Budapest"]
[Date "2023.03.29"]
[Round "9.3"]
[White "Royal, Shreyas"]
[Black "Ilincic, Zlatko"]
[Result "0-1"]
[ECO "B13"]
[WhiteElo "2452"]
[BlackElo "2302"]
[Annotator "TA"]
[PlyCount "82"]
[EventDate "2023.03.24"]
[EventType "tourn"]
[EventCountry "HUN"]
[SourceTitle "playchess.com"]
[Source "ChessBase"]
[SourceQuality "1"]
[TimeControl "5400+30"]

1. e4 c6 2. d4 d5 3. exd5 cxd5 4. Bd3 Nf6 5. h3 Nc6 6. c3 e5 7. dxe5 Nxe5 8. Bc2 {[%emt 0:00:42] B13: Caro-Kann: Exchange Variation and Panov-Botvinnik Attack.} Bc5 {[%emt 0:01:05] And now ...Qb6 would win.} 9. Ne2 O-O 10. Nd2 {[%emt 0:00:42] Prevents Ne4. The position is equal.} Re8 11. O-O b6 12. Nb3 Ba6 13. Re1 $1 Ne4 {[%emt 0:05:47] [#]} 14. Nxc5 $146 ({Predecessor:} 14. Bxe4 dxe4 15. Nxc5 bxc5 16. Qa4 Nd3 17. Rd1 {1-0 Nguyen T Kim,N-Nguyen T Thanh,A Ho Chi Minh (Women) 4th rapid 1999 (2)}) 14... bxc5 15. Ng3 Nxg3 16. fxg3 f6 17. Bf4 (17. Be3 $5 ) 17... d4 ({Better is} 17... Qd6 $11) 18. Bxe5 $14 fxe5 $2 {[%emt 0:00:13] [#]} (18... Rxe5 $2 19. Rxe5 fxe5 20. Be4 $16) (18... d3 $1 $14) 19. Be4 $1 $18 Rb8 {[%emt 0:00:34] [#]} 20. Qh5 $1 h6 21. Qf5 {[%cal Oe1f1] Threatens to win with Rf1!} Rb6 22. b3 $2 (22. Qh7+ $18 Kf7 23. cxd4 (23. Qf5+ Rf6 $11) 23... Qxd4+ 24. Kh2) 22... g6 $36 {[%emt 0:01:53][%mdl 2048] Black has some pressure.} 23. Qg4 h5 (23... dxc3 $2 24. Bxg6 Re7 25. Be4+ Rg7 26. Qf3 $18) 24. Qd1 Bb7 ({Don't do} 24... dxc3 25. Qc2 $14) (24... Rf6 {keeps more tension.} 25. g4 hxg4 26. Qxg4 Kg7) 25. Bxb7 Rxb7 26. Qd3 Kg7 27. Rad1 Qa5 28. Qe4 Rbe7 29. c4 (29. b4 $11 Qb6 30. Qd5) 29... Qxa2 $17 30. Ra1 Qxb3 31. Ra6 Qxg3 32. Rf1 Rb8 33. Qc6 $2 (33. Rf3 $17 {is tougher.} Qg5 34. Kh2) 33... Kh6 $19 {[%emt 0:02:49] ...e4 is the strong threat. Black is clearly winning.} 34. h4 e4 {[%emt 0:02:37][%cal Be5e4,Be4e3][%mdl 32] ( -> ...Rb2)} (34... Qxh4 $2 35. Qxg6#) 35. Qf6 {[%emt 0:00:10] Repels Rb2} Rg7 36. Ra2 e3 37. Qe6 Qxh4 38. Qe5 Rc8 39. Qd6 Qd8 40. Qf4+ Qg5 {[%emt 0:00:07] Hoping for ...Qxf4.} 41. Qd6 Rd8 {[%emt 0:00:11] Quite a comeback for Black.   Weighted Error Value: White=0.74/Black=0.29 (precise)} 0-1

[Event "SixDays Budapest March GM-B 2023"]
[Site "Budapest"]
[Date "2023.03.29"]
[Round "9.4"]
[White "Joshua, A P"]
[Black "Swayams, Mishra"]
[Result "0-1"]
[ECO "C50"]
[WhiteElo "2300"]
[BlackElo "2489"]
[Annotator "TA"]
[PlyCount "94"]
[EventDate "2023.03.24"]
[EventType "tourn"]
[EventCountry "HUN"]
[SourceTitle "playchess.com"]
[Source "ChessBase"]
[SourceQuality "1"]
[TimeControl "5400+30"]

1. e4 e5 2. Nf3 Nc6 3. Bc4 d6 4. d3 Be7 5. c3 Nf6 6. O-O O-O 7. b4 (7. a4 $14) 7... a6 {[%emt 0:06:44] C55: Two Knights: 4 d3, 4 d4 exd4 5 e5 and Max Lange Attack.} 8. a4 Be6 (8... d5 $11 9. exd5 Nxd5) 9. Nbd2 Qd7 {[%emt 0:01:49] The position is equal.} 10. Re1 {[%emt 0:01:58] [#]} Kh8 $146 ({Predecessor:} 10... d5 11. exd5 Nxd5 12. Ne4 f6 13. Bb3 Rfe8 14. Bd2 b6 15. Ng3 Bf8 16. Bc2 Rad8 17. Qb1 {1-0 Bologan,V (2682)-Kakageldyev,A (2449) Olympiad-38 Dresden 2008 (8)}) 11. Rb1 Rae8 12. Qc2 Nh5 13. b5 axb5 14. axb5 Nd8 15. d4 Nf4 16. Bf1 (16. dxe5 Bxc4 17. Nxc4 Nxg2 18. Kxg2 Qg4+ 19. Kf1 Qxf3 $15) 16... f6 17. Kh1 g5 18. Ng1 Ng6 (18... exd4 $11 19. cxd4 d5) 19. d5 $16 Bg8 20. Nc4 (20. g3 $142) 20... f5 21. exf5 Nh4 22. Ne3 {[%emt 0:04:06] [#] Strongly threatening Bd3.} Nxf5 23. Rd1 b6 24. Nxf5 (24. Bd3 $5 Nxe3 25. Bxe3 $14) 24... Qxf5 25. Qxf5 Rxf5 26. f3 Nb7 27. Be3 Ra8 28. Bd3 (28. Ra1 $14 Rff8 29. Ra6) 28... Rff8 $15 29. Be4 Ra3 ({But not} 29... Nc5 30. Bxc5 bxc5 31. Ra1 $14) 30. Rdc1 Rfa8 31. Ne2 Na5 32. Kg1 Nc4 33. Kf2 Ra2 (33... Nxe3 {simplifies} 34. Kxe3 g4 35. Rc2 Bg5+) 34. g4 h5 {[%emt 0:08:23] Black is more active.} 35. h3 {[%emt 0:00:18] [#] This move loses the game for White.} (35. gxh5 $2 {perishes.} g4 36. Bh6 Bh4+ 37. Kg1 Rxe2 $19) (35. Rb4 $17 Nxe3 36. Kxe3) 35... Bh7 $1 $19 36. Bxh7 Kxh7 37. Rb4 Nb2 {[%emt 0:00:02] White must now prevent ...Nd3+.} 38. Kf1 (38. Bd2 $142 Nd3+ 39. Ke3 Nxb4 40. cxb4 R8a3+ 41. Rc3) 38... Nd3 $1 {[%emt 0:00:06][%csl LRb4,LRc1] Threatens to win with ...Rf8.} 39. Rc4 Rf8 40. Ng1 Nxc1 41. Rxc7 Nd3 42. Rxe7+ Kh8 {[%emt 0:00:01] ...Rfa8 is the strong threat.} 43. Re6 Rb2 44. Rh6+ Kg7 45. Rxh5 Ra8 ({Weaker is} 45... Rxb5 46. Rxg5+ Kf7 47. Ke2 $15) 46. Rxg5+ Kf7 47. Rf5+ Ke8 {[%emt 0:00:05] Weighted Error Value: White=0.54/Black=0.10 (very precise)} 0-1

[Event "SixDays Budapest March GM-B 2023"]
[Site "Budapest"]
[Date "2023.03.29"]
[Round "9.5"]
[White "Tran, Thanh Tu"]
[Black "Priasmoro, Novendra"]
[Result "1-0"]
[ECO "A45"]
[WhiteElo "2402"]
[BlackElo "2521"]
[Annotator "TA"]
[PlyCount "103"]
[EventDate "2023.03.24"]
[EventType "tourn"]
[EventCountry "HUN"]
[SourceTitle "playchess.com"]
[Source "ChessBase"]
[SourceQuality "1"]
[TimeControl "5400+30"]

1. d4 Nf6 2. Nc3 d5 3. Bf4 g6 4. Nf3 Bg7 5. Nb5 Na6 6. e3 {[%emt 0:00:18] D00: 1 d4 d5: Unusual lines.} c6 7. Nc3 Qb6 8. Rb1 {[%emt 0:00:07] The position is equal.} Bg4 9. Be5 O-O 10. Be2 {[%emt 0:02:35] [#]} Nd7 $146 {[%emt 0:02:16] And now ...Bxf3 would win.} ({Predecessor:} 10... Nc7 11. O-O Nd7 12. Bxg7 Kxg7 13. b4 Ne6 14. a4 Qc7 15. Nd2 Bxe2 16. Nxe2 Rfd8 {1-0 Dreisch,J (1926)-Rohloff,F (1670) GER OS-280 email 2015}) 11. Bxg7 Kxg7 12. h3 Bxf3 13. gxf3 e5 14. dxe5 Nxe5 15. h4 Rad8 16. h5 $1 Rfe8 {[%emt 0:09:10] Hoping for ...d4.} 17. Kf1 d4 18. exd4 Qxd4 19. Qc1 {[%emt 0:00:13] Repels Qf4} (19. h6+ {simplifies} Kf8 20. Qxd4 Rxd4 21. Ne4) 19... Nc4 20. Bxc4 Qxc4+ 21. Kg2 Rd4 22. h6+ (22. hxg6 $5 Rg4+ $8 23. fxg4 Qxg4+ 24. Kf1 Qc4+ 25. Kg2 Qg4+ 26. Kf1 Qc4+ 27. Ne2 (27. Kg2 Qg4+ $11) 27... Qxe2+ 28. Kg2 Qg4+ 29. Kf1 Qe2+ 30. Kg2 Qg4+ 31. Kf1 Qe2+ $11) 22... Kf8 23. Qg5 Qc5 $36 {[%emt 0:04:36][%mdl 2048] Black fights for an advantage.} 24. Ne4 Qxg5+ 25. Nxg5 f6 $1 26. Ne4 Kf7 27. Rh4 Re5 {[%emt 0:00:35] Against Ng5+} 28. Rf4 {[%emt 0:16:16] [#]} g5 $1 29. Rg4 (29. Rxf6+ $2 Ke7 30. Rh1 Rdxe4 $19) 29... Red5 (29... Rd7 $17) 30. Re1 Rd7 31. c3 Rd1 32. Rxd1 Rxd1 $11 {[%emt 0:00:08][%mdl 4096] Endgame KRN-KRN} 33. f4 Kg6 34. Rg3 $1 Kf5 35. fxg5 (35. f3 $5 Kxf4 36. Nxf6 Rd2+ 37. Kh3 $11) 35... Kxe4 36. gxf6 {[%emt 0:00:14] KRN-KR} Rd8 $1 37. Rg7 Rb8 38. Rxh7 Kf5 39. b4 Kxf6 40. Rg7 Rc8 {[%emt 0:06:58] ...Rc7 is the strong threat.} 41. Rxb7 {[%emt 0:00:14] Strongly threatening h7.} Nc7 42. Rxa7 Nb5 43. Rd7 {[%emt 0:01:21] Black must now prevent a4.} Nxc3 44. h7 Nd5 {[%emt 0:00:30] [#] Repels Rc7} (44... Nxa2 $11 45. Rc7 Rb8) 45. b5 $1 $16 {[%emt 0:00:51][%cal Bb4b5,Bb5b6,Bb6b7][%mdl 1056] Threatens to win with bxc6. White has strong compensation.} Nf4+ {[%emt 0:00:42] [#] A mistake that costs the game.} (45... Ke6 $16 46. Rg7 (46. bxc6 Rh8 $16) 46... Rh8) (45... Rh8 46. bxc6) 46. Kg3 $1 $18 ({Worse is} 46. Kf3 Ng6 47. Rd6+ Kg7 $11) 46... Ng6 $2 (46... Nd5 47. b6 Nxb6) 47. b6 Ne7 48. b7 Rh8 49. Rc7 Nf5+ 50. Kg2 {[%emt 0:00:50] Rc8 would kill now.} Nd6 {[%emt 0:00:30] Inhibits Rc8.} 51. Rxc6 Ke7 52. Rb6 {[%emt 0:00:13] Weighted Error Value: White=0.06 (flawless) /Black=0.24 (precise)} (52. Rc8 $142 Nxc8 53. b8=Q (53. b8=R Kd6 $11) 53... Kf7 54. Qe5 Rxh7 55. Qf5+ Kg7 56. Qxc8 Rh6 57. Qd7+ Kf8 58. a4) 1-0